TOP OF THE 1ST |
South Bend Cubs batting - Pitching for Dayton Dragons : LHP Josue Silva
|
Pitching: LHP Josue Silva
|
|
Batting: RHB Du Kim
|
0-0: Ball 1-0: Swinging Strike 1-1: Swinging Strike 1-2: Ball 2-2: Strikes out swinging
|
Batting: LHB Sumiki Okuhara
|
0-0: Foul Ball, location: 2F 0-1: Ball 1-1: Foul Ball, location: 2F 1-2: Ball 2-2: Strikes out swinging
|
Batting: LHB Alex Ramos
|
0-0: Ball 1-0: Ground out U3 (Groundball, 34, EV 104.4 MPH)
|
Top of the 1st over - 0 runs, 0 hits, 0 errors, 0 left on base; South Bend 0 - Dayton 0 |
BOTTOM OF THE 1ST |
Dayton Dragons batting - Pitching for South Bend Cubs : RHP Carlos Zavala
|
Pitching: RHP Carlos Zavala
|
|
Batting: LHB Phil Lomax
|
0-0: SINGLE (Line Drive, 4MD, EV 99.4 MPH)
|
Batting: RHB Pedro Pinero
|
0-0: Ball 1-0: Foul Ball, location: 2F 1-1: Ball 2-1: Ball Phil Lomax steals 2nd, throwing error, E2 Phil Lomax to third 3-1: Foul Ball, location: 2F 3-2: Fly out, F9 (Line Drive, 9, EV 88.1 MPH)
|
Batting: LHB Chris Redhead
|
0-0: SINGLE (Line Drive, 89M, EV 98.1 MPH) Phil Lomax scores
|
Batting: LHB Ray Walden
|
0-0: Ball 1-0: Foul Ball, location: 2F 1-1: Foul Ball, location: 2F 1-2: SINGLE (Groundball, 4MD, EV 105.6 MPH) Chris Redhead to second
|
Batting: RHB Dave Ruiz
|
0-0: Called Strike 0-1: Called Strike 0-2: Ball 1-2: Foul Ball, location: 2F 1-2: DOUBLE (Flyball, 7D, EV 81.2 MPH) Chris Redhead scores Ray Walden to third
|
Batting: RHB Matt Silva
|
0-0: Ground out 6-3 (Groundball, 56, EV 86.9 MPH) Ray Walden scores
|
Pitching: RHP Jean-Paul Lefebvre
|
|
Batting: SHB Travis Morris
|
0-0: Ball 1-0: Foul Ball, location: 2F 1-1: Foul Ball, location: 2F 1-2: Ground out 4-3 (Groundball, 4, EV 98.8 MPH)
|
Bottom of the 1st over - 3 runs, 4 hits, 1 error, 1 left on base; South Bend 0 - Dayton 3 |
TOP OF THE 2ND |
South Bend Cubs batting - Pitching for Dayton Dragons : LHP Josue Silva
|
Batting: RHB Nick Beecher
|
0-0: Swinging Strike 0-1: Called Strike 0-2: Strikes out swinging
|
Batting: LHB Melvin Salgado
|
0-0: Fly out, F8 (Flyball, 89M, EV 89.4 MPH)
|
Batting: RHB Jon Aguilar
|
0-0: Ball 1-0: Called Strike 1-1: Ball 2-1: Ball 3-1: Called Strike 3-2: Strikes out swinging
|
Top of the 2nd over - 0 runs, 0 hits, 0 errors, 0 left on base; South Bend 0 - Dayton 3 |
BOTTOM OF THE 2ND |
Dayton Dragons batting - Pitching for South Bend Cubs : RHP Jean-Paul Lefebvre
|
Batting: RHB Jung-keun Bai
|
0-0: Called Strike 0-1: Reached on error, E6 (Groundball, 6, EV 82.5 MPH)
|
Batting: RHB Pat Mage
|
0-0: Ball 1-0: Called Strike 1-1: DOUBLE (Groundball, 5L, EV 105.6 MPH) Jung-keun Bai scores
|
Batting: LHB Phil Lomax
|
0-0: Swinging Strike 0-1: SINGLE (Groundball, 6D, EV 103.1 MPH) Pat Mage to third Runner from 3rd tries for Home, throw by LF and OUT! 7-2
|
Batting: RHB Pedro Pinero
|
0-0: Called Strike 0-1: Ball 1-1: SINGLE (Flyball, 4MD, EV 81.2 MPH) Phil Lomax to second
|
Batting: LHB Chris Redhead
|
0-0: Foul Ball, location: 2F 0-1: Ball 1-1: Called Strike 1-2: Fielders Choice at 2nd, 5-4 (Groundball, 56, EV 93.8 MPH) Phil Lomax to third
|
Pitching: LHP Joey Lowe
|
|
Batting: LHB Ray Walden
|
0-0: Called Strike 0-1: SINGLE (Groundball, 6S, EV 66.2 MPH) (infield hit) Phil Lomax scores Chris Redhead to second
|
Batting: RHB Dave Ruiz
|
0-0: Foul Ball, location: 2F 0-1: Ball 1-1: Ball 2-1: Called Strike 2-2: Ball 3-2: Strikes out swinging
|
Bottom of the 2nd over - 2 runs, 4 hits, 1 error, 2 left on base; South Bend 0 - Dayton 5 |
TOP OF THE 3RD |
South Bend Cubs batting - Pitching for Dayton Dragons : LHP Josue Silva
|
Batting: RHB Tim Long
|
0-0: Ball 1-0: Ground out 6-3 (Groundball, 6, EV 76.2 MPH)
|
Batting: RHB Jerry Blas
|
0-0: Foul Ball, location: 2F 0-1: Ball 1-1: Foul Ball, location: 2F 1-2: Strikes out swinging
|
Batting: RHB Bartolo Aguilar
|
0-0: Called Strike 0-1: Ball 1-1: Ball 2-1: SINGLE (Groundball, 56D, EV 105.6 MPH)
|
Batting: RHB Du Kim
|
0-0: Ball 1-0: Hit by Pitch Bartolo Aguilar to second
|
Batting: LHB Sumiki Okuhara
|
0-0: Ball 1-0: Ball 2-0: Swinging Strike 2-1: Ball 3-1: Base on Balls Bartolo Aguilar to third Du Kim to second
|
Batting: LHB Alex Ramos
|
0-0: Foul Ball, location: 2F 0-1: Swinging Strike 0-2: Strikes out looking
|
Top of the 3rd over - 0 runs, 1 hit, 0 errors, 3 left on base; South Bend 0 - Dayton 5 |
BOTTOM OF THE 3RD |
Dayton Dragons batting - Pitching for South Bend Cubs : LHP Joey Lowe
|
Batting: RHB Matt Silva
|
0-0: Ball 1-0: Ground out 5-3 (Groundball, 56, EV 104.4 MPH)
|
Batting: SHB Travis Morris
|
0-0: Foul Ball, location: 2F 0-1: SINGLE (Groundball, 56D, EV 100.6 MPH)
|
Batting: RHB Jung-keun Bai
|
0-0: Foul Ball, location: 2F 0-1: Ball 1-1: Ball 2-1: DOUBLE (Line Drive, 5D, EV 98.1 MPH) Travis Morris to third
|
Batting: RHB Pat Mage
|
0-0: Ball 1-0: Swinging Strike 1-1: Ball 2-1: Called Strike 2-2: Foul Ball, location: 2F 2-2: SINGLE (Groundball, 56D, EV 101.2 MPH) Travis Morris scores Jung-keun Bai to third
|
Pitching: RHP Josh Deyo
|
|
Batting: LHB Phil Lomax
|
0-0: Fly out, F9 (Flyball, 89D, EV 97.5 MPH)
|
Batting: RHB Pedro Pinero
|
0-0: Called Strike 0-1: Ground out 1-3 (Groundball, 13S, EV 70.0 MPH)
|
Bottom of the 3rd over - 1 run, 3 hits, 0 errors, 2 left on base; South Bend 0 - Dayton 6 |
TOP OF THE 4TH |
South Bend Cubs batting - Pitching for Dayton Dragons : LHP Josue Silva
|
Batting: RHB Nick Beecher
|
0-0: Ball 1-0: Foul Ball, location: 2F 1-1: Called Strike 1-2: Foul Ball, location: 2F 1-2: Ball 2-2: Strikes out swinging
|
Batting: LHB Melvin Salgado
|
0-0: Swinging Strike 0-1: Foul Ball, location: 2F 0-2: Ball 1-2: Foul Ball, location: 2F 1-2: Foul Ball, location: 2F 1-2: Foul Ball, location: 2F 1-2: Foul Ball, location: 2F 1-2: Foul Ball, location: 2F 1-2: Ball 2-2: Foul Ball, location: 2F 2-2: Foul Ball, location: 2F 2-2: Hit by Pitch
|
Batting: RHB Jon Aguilar
|
0-0: Ball 1-0: Ball 2-0: Called Strike Melvin Salgado is caught stealing 2nd base 2-4 2-1: Ball 3-1: DOUBLE (Line Drive, 89D, EV 111.2 MPH)
|
Batting: RHB Tim Long
|
0-0: Called Strike 0-1: Swinging Strike 0-2: Foul Ball, location: 2F 0-2: Foul Ball, location: 2F 0-2: Strikes out swinging
|
Top of the 4th over - 0 runs, 1 hit, 0 errors, 1 left on base; South Bend 0 - Dayton 6 |
BOTTOM OF THE 4TH |
Dayton Dragons batting - Pitching for South Bend Cubs : RHP Josh Deyo
|
Batting: LHB Chris Redhead
|
0-0: Called Strike 0-1: Foul Ball, location: 2F 0-2: Ball 1-2: Ball 2-2: Foul Ball, location: 2F 2-2: Ball 3-2: Base on Balls
|
Batting: LHB Ray Walden
|
0-0: Foul Ball, location: 2F 0-1: Ball 1-1: Ball 2-1: Swinging Strike 2-2: Ball 3-2: Foul Ball, location: 2F 3-2: Grounds into double play, U6-3 (Groundball, 4MD, EV 80.0 MPH)
|
Batting: RHB Dave Ruiz
|
0-0: Ball 1-0: Called Strike 1-1: Foul Ball, location: 2F 1-2: Ball 2-2: Ball 3-2: Foul Ball, location: 2F 3-2: SINGLE (Groundball, 4MD, EV 101.9 MPH)
|
Pitching: LHP Andres Lobato
|
|
Batting: RHB Matt Silva
|
0-0: Called Strike 0-1: Called Strike 0-2: Strikes out looking
|
Bottom of the 4th over - 0 runs, 1 hit, 0 errors, 1 left on base; South Bend 0 - Dayton 6 |
TOP OF THE 5TH |
South Bend Cubs batting - Pitching for Dayton Dragons : LHP Josue Silva
|
Batting: RHB Jerry Blas
|
0-0: Ball 1-0: SINGLE (Flyball, 8LS, EV 93.8 MPH)
|
Batting: RHB Bartolo Aguilar
|
0-0: Ball 1-0: Called Strike 1-1: Foul Ball, location: 2F 1-2: Fly out, F8 (Flyball, 8LM, EV 90.6 MPH)
|
Batting: RHB Du Kim
|
0-0: Called Strike 0-1: Called Strike 0-2: Strikes out swinging
|
Pitching: RHP Ken Armstrong
|
|
Batting: LHB Sumiki Okuhara
|
0-0: Swinging Strike 0-1: Ball 1-1: Foul Ball, location: 2F 1-2: Strikes out swinging
|
Top of the 5th over - 0 runs, 1 hit, 0 errors, 1 left on base; South Bend 0 - Dayton 6 |
BOTTOM OF THE 5TH |
Dayton Dragons batting - Pitching for South Bend Cubs : LHP Andres Lobato
|
Batting: SHB Travis Morris
|
0-0: Called Strike 0-1: SINGLE (Groundball, 56D, EV 110.6 MPH)
|
Batting: RHB Jung-keun Bai
|
0-0: DOUBLE (Line Drive, 89D, EV 113.8 MPH) Travis Morris to third
|
Batting: RHB Pat Mage
|
0-0: Called Strike 0-1: Ball 1-1: Foul Ball, location: 2F 1-2: Ground out 3-1 (Groundball, 34, EV 85.6 MPH) Travis Morris scores Jung-keun Bai to third
|
Batting: LHB Phil Lomax
|
0-0: Called Strike 0-1: Ground out 4-3 (Groundball, 4, EV 90.0 MPH) Jung-keun Bai scores
|
Batting: RHB Pedro Pinero
|
0-0: Called Strike 0-1: Ball 1-1: Foul Ball, location: 2F 1-2: Strikes out swinging
|
Bottom of the 5th over - 2 runs, 2 hits, 0 errors, 0 left on base; South Bend 0 - Dayton 8 |
TOP OF THE 6TH |
South Bend Cubs batting - Pitching for Dayton Dragons : RHP Ken Armstrong
|
Batting: LHB Alex Ramos
|
0-0: Called Strike 0-1: Ball 1-1: Ball 2-1: Ball 3-1: Base on Balls
|
Batting: RHB Nick Beecher
|
0-0: Called Strike 0-1: Ball 1-1: Foul Ball, location: 2F 1-2: Strikes out swinging
|
Batting: LHB Melvin Salgado
|
0-0: Ball 1-0: Ball 2-0: Foul Ball, location: 2F 2-1: Called Strike Alex Ramos steals 2nd base 2-2: Foul Ball, location: 2F 2-2: Strikes out swinging
|
Batting: RHB Jon Aguilar
|
0-0: Called Strike 0-1: Ball 1-1: SINGLE (Groundball, 4D, EV 103.8 MPH) Alex Ramos to third Runner from 3rd tries for Home, SAFE, throw by RF to home
|
Batting: RHB Tim Long
|
0-0: Called Strike Jon Aguilar steals 2nd base 0-1: Ball 1-1: Called Strike 1-2: Strikes out swinging
|
Top of the 6th over - 1 run, 1 hit, 0 errors, 1 left on base; South Bend 1 - Dayton 8 |
BOTTOM OF THE 6TH |
Dayton Dragons batting - Pitching for South Bend Cubs : LHP Andres Lobato
|
Batting: LHB Chris Redhead
|
0-0: Called Strike 0-1: Ball 1-1: Ball 2-1: Foul Ball, location: 2F 2-2: Foul Ball, location: 2F 2-2: Foul Ball, location: 2F 2-2: Ball 3-2: Strikes out swinging
|
Pitching: RHP Chris Allen
|
|
Batting: LHB Ray Walden
|
0-0: Ball 1-0: Ground out 5-3 (Groundball, 6, EV 80.6 MPH)
|
Batting: RHB Dave Ruiz
|
0-0: Called Strike 0-1: Called Strike 0-2: Ground out 6-3 (Groundball, 56, EV 98.8 MPH)
|
Bottom of the 6th over - 0 runs, 0 hits, 0 errors, 0 left on base; South Bend 1 - Dayton 8 |
TOP OF THE 7TH |
South Bend Cubs batting - Pitching for Dayton Dragons : RHP Ken Armstrong
|
Batting: RHB Jerry Blas
|
0-0: Ball 1-0: Ball 2-0: Foul Ball, location: 2F 2-1: Called Strike 2-2: Ball 3-2: Foul Ball, location: 2F 3-2: Foul Ball, location: 2F 3-2: Fly out, F6 (Popup, 6D, EV 50.6 MPH)
|
Batting: RHB Bartolo Aguilar
|
0-0: Ball 1-0: Called Strike 1-1: Ball 2-1: Ball 3-1: SINGLE (Groundball, 56, EV 97.5 MPH)
|
Batting: RHB Du Kim
|
0-0: Called Strike 0-1: Ball 1-1: Ball 2-1: Ball 3-1: Base on Balls Bartolo Aguilar to second
|
Batting: LHB Sumiki Okuhara
|
0-0: Swinging Strike 0-1: Swinging Strike 0-2: Ball 1-2: Ball 2-2: Foul Ball, location: 2F 2-2: Foul Ball, location: 2F 2-2: Ball 3-2: Fielders Choice at 2nd, 4-6 (Groundball, 4, EV 105.6 MPH) Bartolo Aguilar to third
|
Batting: LHB Alex Ramos
|
0-0: Called Strike 0-1: Ball 1-1: Called Strike 1-2: Ball 2-2: Fly out, F7 (Flyball, 7, EV 75.0 MPH)
|
Top of the 7th over - 0 runs, 1 hit, 0 errors, 2 left on base; South Bend 1 - Dayton 8 |
BOTTOM OF THE 7TH |
Dayton Dragons batting - Pitching for South Bend Cubs : RHP Chris Allen
|
Batting: RHB Matt Silva
|
0-0: Called Strike 0-1: Foul Ball, location: 2F 0-2: Foul Ball, location: 2F 0-2: Ball 1-2: Strikes out swinging
|
Batting: SHB Travis Morris
|
0-0: Ball 1-0: Foul Ball, location: 2F 1-1: Foul Ball, location: 2F 1-2: Ball 2-2: Foul Ball, location: 2F 2-2: Ball 3-2: Foul Ball, location: 2F 3-2: DOUBLE (Flyball, 8RD, EV 98.8 MPH)
|
Pitching: RHP Josh Mott
|
|
Batting: RHB Jung-keun Bai
|
0-0: Ball 1-0: Ground out 3-1 (Groundball, 34, EV 79.4 MPH) Travis Morris to third
|
Batting: RHB Pat Mage
|
0-0: SINGLE (Line Drive, 7S, EV 87.5 MPH) Travis Morris scores
|
Batting: LHB Phil Lomax
|
0-0: Ball 1-0: Ground out 5-3 (Groundball, 56S, EV 81.2 MPH)
|
Bottom of the 7th over - 1 run, 2 hits, 0 errors, 1 left on base; South Bend 1 - Dayton 9 |
TOP OF THE 8TH |
South Bend Cubs batting - Pitching for Dayton Dragons : RHP Ken Armstrong
|
Batting: RHB Nick Beecher
|
0-0: Ball 1-0: Fly out, F9 (Flyball, 9S, EV 89.4 MPH)
|
Batting: LHB Melvin Salgado
|
0-0: Swinging Strike 0-1: SINGLE (Groundball, 25, EV 73.8 MPH) (infield hit)
|
Pitching: RHP Brian Trejo
|
|
Batting: RHB Jon Aguilar
|
0-0: Swinging Strike 0-1: Foul Ball, location: 2F 0-2: Strikes out swinging
|
Batting: RHB Tim Long
|
0-0: Ball 1-0: Swinging Strike 1-1: Swinging Strike 1-2: Foul Ball, location: 2F 1-2: Ball 2-2: Strikes out looking
|
Top of the 8th over - 0 runs, 1 hit, 0 errors, 1 left on base; South Bend 1 - Dayton 9 |
BOTTOM OF THE 8TH |
Dayton Dragons batting - Pitching for South Bend Cubs : RHP Josh Mott
|
Batting: RHB Pedro Pinero
|
0-0: Foul Ball, location: 2F 0-1: Ball 1-1: Called Strike 1-2: Strikes out swinging, 2-3 out at first.
|
Batting: LHB Chris Redhead
|
0-0: Called Strike 0-1: Ball 1-1: Foul Ball, location: 2F 1-2: Foul Ball, location: 2F 1-2: Ball 2-2: Fly out, F8 (Flyball, 8LD, EV 86.9 MPH)
|
Batting: LHB Ray Walden
|
0-0: Ball 1-0: Ball 2-0: Swinging Strike 2-1: Ball 3-1: Base on Balls
|
Pitching: RHP Phil Holmes
|
|
Pinch Hitting: RHB Joe Kooyers
|
0-0: Ball 1-0: Foul Ball, location: 2F 1-1: Foul Ball, location: 2F 1-2: Foul Ball, location: 2F 1-2: Ball 2-2: Ball 3-2: SINGLE (Groundball, 6D, EV 95.6 MPH) Ray Walden to second Ray Walden to third
|
Batting: RHB Matt Silva
|
0-0: Called Strike 0-1: Foul Ball, location: 2F 0-2: Strikes out swinging
|
Bottom of the 8th over - 0 runs, 1 hit, 0 errors, 2 left on base; South Bend 1 - Dayton 9 |
TOP OF THE 9TH |
South Bend Cubs batting - Pitching for Dayton Dragons : RHP Brian Trejo
|
Now at 1B: Joe Kooyers
|
|
Batting: RHB Jerry Blas
|
0-0: Swinging Strike 0-1: Foul Ball, location: 2F 0-2: Ball 1-2: Strikes out swinging
|
Batting: RHB Bartolo Aguilar
|
0-0: Ball 1-0: Ball 2-0: Swinging Strike 2-1: Swinging Strike 2-2: Strikes out swinging
|
Batting: RHB Du Kim
|
0-0: Foul Ball, location: 2F 0-1: Ground out 6-3 (Groundball, 6, EV 109.4 MPH)
|
Top of the 9th over - 0 runs, 0 hits, 0 errors, 0 left on base; South Bend 1 - Dayton 9 |
|